 Dungeon Crawl Stone Soup version 0.21.1-1-g345015f (webtiles) character file.

23 suicidejoker the Sneak (level 2, -1/19 HPs)
             Began as an Octopode Assassin on Apr 15, 2018.
             Slain by a gnoll
             ... wielding a +0 halberd
              (12 damage)
             ... on level 1 of the Dungeon.
             The game lasted 00:00:47 (731 turns).

suicidejoker the Sneak (Octopode Assassin)           Turns: 731, Time: 00:00:48

Health: -1/19      AC:  1    Str: 10    XL:     2   Next: 95%
Magic:  3/3        EV: 12    Int: 13    God:
Gold:   43         SH:  3    Dex: 13    Spells: 3/3 levels left

rFire    . . .     SeeInvis .   a - +2 dagger
rCold    . . .     Gourm    .   m - +0 buckler
rNeg     . . .     Faith    .   (helmet restricted)
rPois    .         Spirit   .   (no amulet)
rElec    .         Reflect  .   (no ring)
rCorr    .         Harm     .   (no ring)
MR       .....                  (no ring)
Stlth    ++++......             (no ring)
HPRegen  0.06/turn              (no ring)
MPRegen  0.08/turn              (no ring)
                                (no ring)
                                (no ring)

@: no status effects
A: almost no armour, stealthy swim, amphibious, 8 rings, constrict 8, camouflage
1, gelatinous body 1
a: no special abilities


You were on level 1 of the Dungeon.
You were not hungry.

You visited 1 branch of the dungeon, and saw 1 of its levels.

You collected 43 gold pieces.

Inventory:

Hand Weapons
 a - a +2 dagger (weapon)
 b - a +0 blowgun
 h - a +0 dagger of protection
Missiles
 c - 19 poisoned needles
 d - 2 curare-tipped needles
Armour
 m - a +0 buckler (worn)
Scrolls
 i - 2 scrolls of fog {unknown}
 l - a scroll of immolation {unknown}
 n - a scroll of fear {unknown}
Potions
 e - 3 potions of haste {unknown}
 g - a potion of resistance {unknown}
 j - a potion of flight {unknown}
 k - a potion of cancellation {unknown}
Comestibles
 f - 4 rations


   Skills:
 + Level 2.2 Fighting
 + Level 2.2 Short Blades
 - Level 2.0 Throwing
 + Level 1.3 Dodging
 + Level 5.5 Stealth
 + Level 0.2 Shields
 * Level 1.1 Spellcasting


You had 3 spell levels left.
You didn't know any spells.

Dungeon Overview and Level Annotations

Branches:
Dungeon (1/15)

Altars:


Innate Abilities, Weirdness & Mutations

You cannot wear most types of armour.
You are very stealthy in the water. (Stealth+)
You are amphibious.
You can wear up to eight rings at the same time.
You can use your tentacles to constrict eight enemies at once.
Your skin changes colour to match your surroundings (Stealth+).
Your rubbery body absorbs attacks. (AC +1, EV +1)


Message History

The gnoll barely misses you.
The ball python hisses angrily.
You hit the gnoll. Your grab misses the gnoll.
The gnoll is lightly wounded.
The gnoll barely misses you.
You hit the gnoll but do no damage. You grab the gnoll.
The gnoll is lightly wounded.
You constrict the gnoll, but do no damage.
You block the ball python's attack. The ball python misses you.
You hit the gnoll but do no damage.
The gnoll is lightly wounded.
You constrict the gnoll, but do no damage.
The ball python closely misses you. The ball python grabs you.
The ball python constricts you. The gnoll hits you with a halberd.
You block the ball python's attack. The ball python constricts you.
You hit the ball python.
You kill the ball python!
You constrict the gnoll. The gnoll hits you with a halberd!
Ouch! That really hurt!
You die...

### ...# ...#
####...# #).....#
##......#
#######...##..#
.....bg@...#..####
......#.#.........
......#.##รท.......
....(..........(..
......###.........
#. .. ..
##......... #. .#
## #...#...... ##.
#.# #.#.####### ...
##.. #.#.#


You could see a gnoll and a bat.

Vanquished Creatures
  A leopard gecko (D:1)
  8 goblins (D:1)
  5 kobolds (D:1)
  A ball python (D:1)
  A bat (D:1)
  3 frilled lizards (D:1)
  2 rats (D:1)
21 creatures vanquished.

Notes
Turn   | Place    | Note
-------+----------+-------------------------------------------
     0 | D:1      | suicidejoker the Octopode Assassin began the quest for the Orb.
     0 | D:1      | Reached XP level 1. HP: 14/14 MP: 1/1
   101 | D:1      | Reached XP level 2. HP: 10/19 MP: 2/2
   426 | D:1      | Reached skill level 1 in Spellcasting
   731 | D:1      | Slain by a gnoll

Skill      XL: |  1  2 |
---------------+-------+-----
Spellcasting   | 1 |  1.1
Fighting       | |  2.2
Short Blades   | |  2.2
Throwing       | |  2.0
Dodging        | |  1.3
Stealth        | |  5.5
Shields        | |  0.2

Action                   || total
-------------------------++-------
Melee: Dagger            ||    34
       Constrict         ||     8
       Tentacles         ||     4
 Stab: Sleeping          ||     9
Armor: Skin              ||     3
Dodge: Dodged            ||    11
Block: Buckler           ||     2
